Cogmind - Beta 13 @@@ ROGUE MODE // 2024.04.08 @ 21:09:01 Player: Camoedine Result: Destroyed by G-47 Trooper with Particle Gun Performance ------------- Evolutions (2) 1000 Regions Visited (3) 600 Robots Destroyed (68) 340 Value Destroyed (1777) 1777 Prototype IDs (2) 40 Alien Tech Used (0) 0 Bonus (71) 71 TOTAL SCORE: 3828 Bonus ------- High Alert Combat Kills 71 Cogmind --------- Core Integrity 0/550 Matter 109/300 Energy 100/100 System Corruption 2% Temperature Cool (9) Movement Core (350) Ox6 Location -8/Materials Parts ------- > --- POWER (1) -------- (None) > --- PROPULSION (4) --- (None) > --- UTILITY (4) ------ Large Storage Unit Signal Interpreter > --- WEAPON (2) ------- (None) > --- INVENTORY (15) --- Aluminum Leg Improved Aluminum Leg Carbon-fiber Leg Carbon-fiber Leg Titanium Leg Titanium Leg VSS Leg VSS Leg Advanced Heat Sink Katana Peak State ------------ > --- POWER ------------ Light Ion Engine > --- PROPULSION ------- Carbon-fiber Leg Titanium Leg Titanium Leg Titanium Leg > --- UTILITY ---------- Large Storage Unit Improved Sensor Array Signal Interpreter Hardened Medium Armor Plating > --- WEAPON ----------- High-powered Shotgun High-powered Shotgun > --- INVENTORY -------- Light Ion Engine Improved Aluminum Leg Improved Aluminum Leg Improved Aluminum Leg Improved Aluminum Leg Carbon-fiber Leg Advanced Heat Sink Advanced Visual Processing Unit Sensor Array Medium Armor Plating Heavy Assault Rifle Heavy Assault Rifle Grenade Launcher Mini Grenade Launcher Katana [Rating: 30] Favorites ----------- Power Ion Engine Engine Ion Engine Propulsion Aluminum Leg Leg Aluminum Leg Utility Large Storage Unit Device Improved Sensor Array Storage Large Storage Unit Processor Signal Interpreter Protection Medium Armor Plating Weapon High-powered Shotgun Energy Gun Medium Laser Ballistic Gun High-powered Shotgun Ballistic Cannon Flak Cannon Launcher Grenade Launcher Build | -11 -10 -9 -8 ------- Run | Yrd Mat Mat Mat Slots Evolved 4 | . . 2 2 Power . | . . . . Propulsion 2 | . . 2 . Utility 2 | . . . 2 Weapon . | . . . . Parts Attached 70 | 6 8 26 30 Power 12 | 1 1 6 4 Engine 12 | 1 1 6 4 Core . | . . . . Reactor . | . . . . Propulsion 33 | 2 2 15 14 Treads . | . . . . Leg 33 | 2 2 15 14 Wheel . | . . . . Hover . | . . . . Flight . | . . . . Utility 11 | 1 4 . 6 Device 2 | . . . 2 Storage 2 | 1 1 . . Processor 1 | . 1 . . Hackware . | . . . . Protection 6 | . 2 . 4 Artifact . | . . . . Weapon 14 | 2 1 5 6 Energy Gun 2 | 1 . 1 . Energy Cannon . | . . . . Ballistic Gun 9 | 1 1 4 3 Ballistic Cannon 1 | . . . 1 Launcher 2 | . . . 2 Special Weapon . | . . . . Impact Weapon . | . . . . Slashing Weapon . | . . . . Piercing Weapon . | . . . . Special Melee Weapon . | . . . . Unidentified Prototypes 2 | . . 2 . Parts Lost 15 | . . . 15 Power 2 | . . . 2 Propulsion 5 | . . . 5 Utility 3 | . . . 3 Weapon 5 | . . . 5 Highest Loss Streak 13 | . . . 13 To Critical Strikes . | . . . . Average Slot Usage (%) 98 | . 99 99 95 Engine 11 | . 14 10 8 Leg 34 | . 28 43 33 Device 2 | . . . 8 Storage 11 | . 14 11 9 Processor 6 | . 2 11 9 Protection 7 | . 11 . 8 Energy Gun 6 | . 14 . . Ballistic Gun 16 | . 13 21 16 Naked Turns . | . . . . Heaviest Build 38 | 13 35 31 38 Greatest Support 66 | 20 20 40 66 Greatest Overweight (x) 12 | . 1 1 12 Average Overweight (x) . | . . . . Largest Inventory Capacity 15 | 8 15 15 15 Average Capacity 14 | 6 14 15 15 Most Carried 15 | 5 15 15 15 Average Carried 13 | 2 12 14 14 Final Capacity 15 | 8 15 15 15 Final Carried 15 | 1 15 15 10 Class Distribution -------------------- 61% | Mutant 38% | Scavenger-Mutant Dominant Class ---------------- Mutant | -10/Materials Scavenger-Mutant | -9/Materials Scavenger-Mutant | -8/Materials Resources | -11 -10 -9 -8 ----------- Run | Yrd Mat Mat Mat Matter Collected 1591 | 260 149 557 625 Remotely . | . . . . Salvage Created 2114 | . 479 702 933 Parts 117 | . 23 44 50 Haulers Intercepted 4 | . 2 1 1 Recyclers Shooed 3 | . 2 . 1 Parts Field Recycled . | . . . . Retrieved Matter . | . . . . Parts Self-Destructed . | . . . . Prevented . | . . . . Kills | -11 -10 -9 -8 ------- Run | Yrd Mat Mat Mat Combat Hostiles Destroyed 45 | . 5 22 18 Guns 40 | . 5 22 13 AOE 5 | . . . 5 Classes Destroyed 13 | . 5 4 4 Worker 5 | . 4 1 . Builder 6 | . 3 1 2 Tunneler 1 | . . . 1 Hauler 4 | . 2 1 1 Recycler 4 | . . . 4 Watcher 3 | . 2 1 . Swarmer 10 | . . 7 3 Grunt 24 | . 5 10 9 Brawler 1 | . . 1 . Duelist 1 | . . 1 . Sentry 4 | . . 3 1 Specialist 4 | . . . 4 Hunter 1 | . . . 1 Best Kill Streak 8 | . 2 7 8 Combat Bots Only 7 | . 2 7 4 Max Kills in Single Turn 2 | . 1 2 2 Gunslinging 1 | . . . 1 Exploded 1 | . . . 1 Melee . | . . . . Uniques/NPCs Destroyed . | . . . . Combat | -11 -10 -9 -8 -------- Run | Yrd Mat Mat Mat Hostile Shots Fired 315 | . 36 72 207 Missed 91 | . 10 19 62 Damage Taken 4040 | . 313 688 3039 Core 698 | . 36 101 561 Absorbed by Shields . | . . . . Regen/Repaired (Parts) 101 | . 73 28 . Core Remaining (%) 86 | 100 85 74 . Volleys Fired 186 | . 69 45 72 Largest 2 | . 2 2 2 Hottest 70 | . 70 50 50 Shots Fired 348 | . 137 90 121 Gun 332 | . 137 90 105 Cannon 3 | . . . 3 Launcher 13 | . . . 13 Special . | . . . . Kinetic 267 | . 69 90 108 Thermal 68 | . 68 . . Explosive 13 | . . . 13 Electromagnetic . | . . . . Robot Hit Streak 11 | . 11 7 10 Robot Miss Streak 9 | . 3 9 6 Penetration Max . | . . . . Secondary Targets 4 | . 1 2 1 Max Gunslinging Chain 1 | . 1 1 1 Shots Hit Robots 235 | . 89 60 86 Core Hits 119 | . 27 40 52 Critical Kills . | . . . . Critical Parts Destroyed 1 | . . . 1 Critical Strikes 5 | . 4 . 1 Burn 4 | . 4 . . Destroy 1 | . . . 1 Melee Attacks . | . . . . Impact . | . . . . Slashing . | . . . . Piercing . | . . . . Sneak Attacks . | . . . . Combat Hostiles . | . . . . Follow-up Attacks . | . . . . Damage Inflicted 4194 | . 953 1066 2175 Guns 3148 | . 927 1049 1172 Cannons 74 | . . . 74 Explosions 923 | . . . 923 Melee . | . . . . Ramming 49 | . 26 17 6 Kinetic 2622 | . 327 1049 1246 Thermal 600 | . 600 . . Explosive 923 | . . . 923 Electromagnetic . | . . . . Impact . | . . . . Slashing . | . . . . Piercing . | . . . . Highest Corruption 2 | . . . 2 Average Corruption 2 | . . . 2 Corruption Purged . | . . . . Corruption Blocked . | . . . . Overload Shots . | . . . . Overflow Damage 33 | . . . 33 Projectiles . | . . . . Explosions 33 | . . . 33 Melee . | . . . . Knockbacks 1 | . 1 . . Impact 1 | . 1 . . Kinetic . | . . . . Secondary . | . . . . Self-Inflicted Damage 239 | . . . 239 Shots 8 | . . . 8 Rammed . | . . . . Targets Rammed 9 | . 5 3 1 Kicked 9 | . 5 3 1 Crushed . | . . . . Highest Temperature 309 | . 309 4 20 Average Temperature 59 | . 66 2 5 Received Heat Transfer 1005 | . 174 165 666 Effects 1 | . 1 . . Energy Bleed 1 | . 1 . . Siege Activations . | . . . . Robots Corrupted . | . . . . Combat Hostiles . | . . . . Parts Fried . | . . . . Impact Corruptions . | . . . . Robots Melted . | . . . . Combat Hostiles . | . . . . Parts Melted . | . . . . Heat Transferred 2072 | . 2072 . . Parts Sabotaged . | . . . . Parts Stolen . | . . . . Parts Stripped . | . . . . Power Chain Reactions . | . . . . Alert | -11 -10 -9 -8 ------- Run | Yrd Mat Mat Mat Peak Influence 470 | . 82 380 470 Initial 160 | . . 1 160 Average 151 | . 28 218 289 Maximum Alert Level 2 | . . 1 2 Low Security (%) 57 | 100 100 36 9 Level 1 37 | . . 63 72 Level 2 4 | . . . 17 Level 3 . | . . . . Level 4 . | . . . . Level 5 . | . . . . High Security . | . . . . Max Security . | . . . . Squads Dispatched 9 | . 1 2 6 Investigation 2 | . . 1 1 Extermination . | . . . . Reinforcement 6 | . 1 1 4 Assault . | . . . . Garrison 1 | . . . 1 Intercept . | . . . . Searches Triggered . | . . . . Construction Impeded 1 | . . . 1 Haulers Reinforced . | . . . . Active Scanning Responses . | . . . . Cargo Convoy Interrupts . | . . . . Stealth | -11 -10 -9 -8 --------- Run | Yrd Mat Mat Mat Distress Signals 6 | . 1 4 1 Communications Jammed . | . . . . Distress Signals . | . . . . Times Spotted 78 | . 17 33 28 Peak Tracking Total 8 | . 3 8 5 Tactical Retreats 8 | . 1 1 6 Traps | -11 -10 -9 -8 ------- Run | Yrd Mat Mat Mat Traps Triggered 2 | . . 1 1 Indirectly . | . . . . Trap Hack Attempts . | . . . . Triggered . | . . . . Disarmed . | . . . . Reprogrammed . | . . . . Reused . | . . . . Traps Extracted . | . . . . Installed . | . . . . Triggered . | . . . . Machines | -11 -10 -9 -8 ---------- Run | Yrd Mat Mat Mat Machines Disabled 5 | . . . 5 Max in Single Turn 3 | . . . 3 Machines Repaired . | . . . . Machines Dismantled . | . . . . Machines Sabotaged . | . . . . Overloaded Fab Kills . | . . . . Hacking | -11 -10 -9 -8 --------- Run | Yrd Mat Mat Mat Machines Accessed 4 | . 1 1 2 Terminals 2 | . . . 2 Fabricators . | . . . . Repair Stations 2 | . 1 1 . Recycling Units . | . . . . Scanalyzers . | . . . . Garrison Access . | . . . . Total Hacks 11 | . 3 5 3 Successful 7 | . 2 3 2 Failed 4 | . 1 2 1 Catastrophic . | . . . . Database Lockouts . | . . . . Manual . | . . . . Terminals 3 | . . . 3 Fabricators . | . . . . Repair Stations 8 | . 3 5 . Recycling Units . | . . . . Scanalyzers . | . . . . Garrison Access . | . . . . Terminal Hacks 2 | . . . 2 Terminal Index 1 | . . . 1 Locate Traps 1 | . . . 1 Fabricator Hacks . | . . . . Repair Station Hacks 5 | . 2 3 . Scan Component 3 | . 1 2 . Repair 2 | . 1 1 . Recycling Unit Hacks . | . . . . Scanalyzer . | . . . . Garrison Access Hacks . | . . . . Unauthorized Hacks . | . . . . Terminals . | . . . . Fabricators . | . . . . Repair Stations . | . . . . Recycling Units . | . . . . Scanalyzers . | . . . . Garrison Access . | . . . . Data Cores Recovered . | . . . . Used . | . . . . Hacking Detections 3 | . 1 1 1 Full Trace Events 2 | . 1 1 . Feedback Events . | . . . . Feedback Blocked . | . . . . Robot Schematics Acquired . | . . . . Robots Built . | . . . . Authchips . | . . . . Time . | . . . . Total Robot Build Rating . | . . . . Part Schematics Acquired . | . . . . Parts Built . | . . . . Authchips . | . . . . Time . | . . . . Total Part Build Rating . | . . . . Parts Repaired 2 | . 1 1 . Time 52 | . 26 26 . Parts Recycled . | . . . . Recycled Matter . | . . . . Retrieved Matter . | . . . . Retrieved Components . | . . . . Parts Scanalyzed . | . . . . Part Schematics Acquired . | . . . . Parts Damaged . | . . . . Bothacking | -11 -10 -9 -8 ------------ Run | Yrd Mat Mat Mat Used RIF Installer . | . . . . Robots Hacked . | . . . . Non-combat . | . . . . Combat . | . . . . Robot Hacks Applied . | . . . . Relay Couplers Released . | . . . . Fabnet Peak Effective % . | . . . . Robots Rewired . | . . . . Allies Hacked . | . . . . Hacks Repelled . | . . . . Allies | -11 -10 -9 -8 -------- Run | Yrd Mat Mat Mat Total Allies . | . . . . Largest Group . | . . . . Highest-Rated Group . | . . . . Highest-Rated Ally . | . . . . Total Orders . | . . . . Ally Attacks . | . . . . Total Damage . | . . . . Kills . | . . . . Allies Corrupted . | . . . . Allies Melted . | . . . . Intel | -11 -10 -9 -8 ------- Run | Yrd Mat Mat Mat Robot Analysis Total . | . . . . Derelict Logs Recovered . | . . . . Drone Launches . | . . . . Drone Recoveries . | . . . . Exploration | -11 -10 -9 -8 ------------- Run | Yrd Mat Mat Mat Turns Passed 3897 | 51 1682 1163 1001 Spaces Moved 1775 | 41 742 580 412 Core 21 | 14 . . 7 Treads . | . . . . Legs 1754 | 27 742 580 405 Wheels . | . . . . Hover . | . . . . Flight . | . . . . Fastest Speed 50 | 50 120 120 115 Average Speed 148 | 96 183 120 129 Slowest Speed 650 | 120 190 190 650 Overloaded Moves . | . . . . Propulsion Burnouts . | . . . . Robots Hopped . | . . . . Cave-ins Triggered 1 | . . . 1 Exploration Rate (%) 31 | 3 49 44 31 Regions Visited 3 Branch Regions . Pre-discovered Areas . | . . . . Known Exits Taken 2 | . 1 1 . Unknown Exits Taken 1 | 1 . . . Scrap Searched . | . . . . Spaces Dug . | . . . . Terrain Destroyed 66 | . . . 66 Melee . | . . . . Projectile . | . . . . AOE 66 | . . . 66 Terrain Rammed . | . . . . Walls Destroyed . | . . . . Machines Disabled . | . . . . Actions | -11 -10 -9 -8 --------- Run | Yrd Mat Mat Mat Total 2719 | 51 943 962 763 Wait 559 | . 76 270 213 Move 1772 | 40 741 579 412 Hop . | . . . . Pick Up 60 | 5 29 13 13 Fast Attach 10 | 2 . 7 1 Attach 20 | 4 3 5 8 Detach . | . . . . Swap 40 | . 5 14 21 Drop 63 | . 15 26 22 Fire 186 | . 69 45 72 Melee . | . . . . Ram . | . . . . Kick 9 | . 5 3 1 Crush . | . . . . Escape Stasis . | . . . . Rewire . | . . . . Trap . | . . . . Miscellaneous . | . . . . Route ------- -11/Scrapyard -10/Materials (discovered 2 exits: *Mat / *Min) -9/Materials (discovered 3 exits: *Mat / *Min x2) -8/Materials (discovered 1 exit: [*Fac]) History --------- Turn | Location | Event 7 | -11/Scrapyard | Discovered new exit (range 16) 52 | -11/Scrapyard | Entered Materials 121 | -10/Materials | Discovered new exit (range 16) 317 | -10/Materials | Build established: Mutant 424 | -10/Materials | Discovered new exit (range 7) 516 | -10/Materials | Repaired Lgt. Assault Rifle 1450 | -10/Materials | Identified exit to Mines 1724 | -10/Materials | Identified exit to Materials 1734 | -10/Materials | Entered another Materials area 1734 | -9/Materials | Evolved 2 slots: Propulsion x2 1885 | -9/Materials | Repaired Aluminum Leg 2001 | -9/Materials | Destroyed 7 combat bots 2011 | -9/Materials | Discovered new exit (range 16) 2227 | -9/Materials | Identified exit to Mines 2288 | -9/Materials | Build established: Scavenger-Mutant 2854 | -9/Materials | Discovered new exit (range 6) 2869 | -9/Materials | Identified exit to Materials 2882 | -9/Materials | Discovered exit to Mines (range 16) 2897 | -9/Materials | Entered another Materials area 2897 | -8/Materials | Evolved 2 slots: Utility x2 3777 | -8/Materials | Discovered new exit (range 11) 3834 | -8/Materials | Core integrity fell below 50% 3839 | -8/Materials | Garrison activated, responded to threat 3858 | -8/Materials | Crushed by falling debris 3858 | -8/Materials | Core integrity fell below 20% 3898 | -8/Materials | Destroyed by G-47 Trooper with Particle Gun Last Messages --------------- 03868_ The unstable cave ceiling collapses. 03880_ U-05 Engineer lays Concrete. 03880_ Knocked back. 03880_ Hrd. Medium Armor Plating destroyed. 03881_ U-05 Engineer lays Concrete. 03883_ U-05 Engineer builds a Wall. 03885_ Y-45 Defender destroyed. 03886_ Lgt. Ion Engine destroyed. 03886_ K-01 Serf collects debris. 03887_ Acquired 1 matter. 03887_ U-05 Engineer builds a Wall. 03889_ K-01 Serf collects debris. 03891_ U-05 Engineer builds a Wall. 03891_ Acquired 51 matter. 03892_ Flak Cannon destroyed. 03892_ K-01 Serf collects debris. 03892_ U-05 Engineer lays Concrete. 03893_ U-05 Engineer builds a Wall. 03894_ K-01 Serf collects debris. 03897_ U-05 Engineer lays Concrete. Map ----- +----------------------------------------------------+ | """ # #????????????????????????????????? | | """ + #???????????????????????????????????????? | | """ # #???????????????????????????????????????? | | """ # #???????????????????????????????????????? | | # #???????????????????????????????????????? | | # #???????????????????????????????????????? | | ###### #???????????????????????????????????????? | | ?????# #???????????????????????????????????????? | | ?????# #???????????????????????????????????????? | | ?????# #???????????????????????????????????????? | | ?????? #???????????????????????????????????????? | | ?????? #???????????????????????????????????????? | | ?????? #???????????????????????????????????????? | | ?????? #???????????????????????????????????????? | | ?????? #???????????????????????????????????????? | | ?????? +???????????????????????????????????????? | | ?????# ????????????????? ????????????????????? | | ?????# ??????????????????? ????????????????????? | | ###### ??????????????????# #???????????????????? | | ????????????? #???????????????????? | | ?????????????? +???????????????????? | | ?????????????? #???????????????????? | | #########"################ k #???????????????????? | | ??# """ #[ # #???????????????????? | | ??# "Y" % % # #???????????????????? | | ??# " % k g@ #???????????????????? | | ??# # k # ##########??????????? | | ??# ! u H !# # #??????????? | | ??# % # g # # """ #??????????? | | ??# ### ; ###### *# "G #??????????? | | ###### # ########### *%# """ #??????????? | | %# #??????????? | | ! *! %+ """ #??????????? | | %! ! !!# """ #??????????? | | ## #= ##### !%# """ #??????????? | | # # #???# % #??????????? | | # ! "####???# ##########??????????? | | " """ # T#??????# #???????????????????? | | " """ #!! ! "#??????# #???????????????????? | | " """ #!! #??????# ???????????????????? | | " """ # #?????? #??????????????????? | | # #?????? #??????????????????? | | + """ #?????? #??????????????????? | | #### """ #?????? < #??????????????????? | | # ###+###### """ #?????? #??????????????????? | | #+## ## """ #????? ## ##??????????????????? | | # = "" ## #?????#??###???????????????????? | | "" # Y" ## #??????????????????????????????? | | "" # "" #?# #####??????????????????????????????? | | "" # #??##??????????????????????????????????? | +----------------------------------------------------+ Best States ------------- Heat Dissipation 31 Energy Generation 10 Energy Capacity 250 Matter Stores 300 Matter Capacity 300 Sight Range 16 Robot Scan Range 15 Terrain Scan Density 10 Armor Coverage 225 Evasion (%) 55 Item Schematics ----------------- None Robot Schematics ------------------ None Fabricated ------------ Nothing Alien Tech Used ----------------- None Achievements -------------- None Challenges ------------ None Game ------ Seed CoolingLightningSystem Manual? 0 Play Time 00:39:55 Cumulative 13.6 hours Start 2024.04.08 @ 20:29:54 End 2024.04.08 @ 21:09:01 Sessions 3 Manual Loads 0 Difficulty Rogue Special Mode None Game No. 23 Rogue 23 Adventurer 0 Explorer 0 Win Type - Total 0 Types 0/0/0/0/0/0/0/0/0 Lore% 8 Gallery% 18 Achievement% 16 Wizard Run 0 Options --------- Layout 0 ASCII 0 Keyboard 0 Movement Mouse Keybinds 0 Fullscreen 2 Font 24/X11 Map View 76x50 Zoom Use 0% Tactical HUD 1 Map Filters NONE Filters NONE Steam 1 RUN: e8a34c6a-956c-4053-a244-546e43085b40